 Dungeon Crawl Stone Soup version 0.21-a0-349-g0c35859 (webtiles) character file.

49 VirginKiller the Charmwright (level 3, 0/29 HPs)
             Began as a Demigod Skald on Oct 8, 2017.
             Succumbed to an adder's poison
             ... on level 3 of the Dungeon.
             The game lasted 00:07:15 (684 turns).

VirginKiller the Charmwright (Demigod Skald)         Turns: 684, Time: 00:07:15

Health: 0/29       AC:  3    Str: 16    XL:     3   Next: 32%
Magic:  6/8        EV: 12    Int: 17    God:
Gold:   0          SH:  0    Dex: 15    Spells: 2/5 levels left

rFire    . . .     SeeInvis .     - Unarmed
rCold    . . .     Gourm    .   (no shield)
rNeg     . . .     Faith    .   a - +0 leather armour
rPois    .         Spirit   .   (no helmet)
rElec    .         Reflect  .   (no cloak)
rCorr    .         Harm     .   (no gloves)
MR       .....                  (no boots)
Stlth    +.........             (no amulet)
HPRegen  0.09/turn              (no ring)
MPRegen  0.11/turn              (no ring)

@: lethally poisoned (0 -> -5)
A: high mp 1
a: no special abilities


You were on level 3 of the Dungeon.
You were not hungry.

You visited 1 branch of the dungeon, and saw 3 of its levels.

Inventory:

Armour
 a - a +0 leather armour (worn)
Scrolls
 d - a scroll of amnesia {unknown}
 g - a scroll of enchant weapon {unknown}
Books
 b - a book of Battle

   Spells                             Type                      Level
   a - Infusion                       Charms                       1
   b - Shroud of Golubria             Charms/Translocation         2
   c - Song of Slaying                Charms                       2
   d - Spectral Weapon                Hexes/Charms                 3
   e - Regeneration                   Charms/Necromancy            3
Comestibles
 c - a bread ration
 f - 3 chunks of flesh


   Skills:
 - Level 1.7 Fighting
 - Level 0.8 Armour
 - Level 1.7 Dodging
 * Level 3.1 Unarmed Combat
 - Level 1.7 Spellcasting
 + Level 3.2 Charms


You had 2 spell levels left.
You knew the following spells:

 Your Spells              Type           Power        Failure   Level  Hunger
a - Infusion              Chrm           ##..         6%          1    #......
b - Song of Slaying       Chrm           ##......     10%         2    ###....


Dungeon Overview and Level Annotations

Branches:
Dungeon (3/15)

Annotations:
D:2 Sigmund


Innate Abilities, Weirdness & Mutations

You have an increased reservoir of magic. (+10% MP)


Message History

You feel sick.
* * * LOW HITPOINT WARNING * * *
You feel sick.
Your magical infusion is running out.
* * * LOW HITPOINT WARNING * * *
You feel sick.
* * * LOW HITPOINT WARNING * * *
You feel sick.
* * * LOW HITPOINT WARNING * * *
You feel sick.
* * * LOW HITPOINT WARNING * * *
You feel sick.
You are no longer magically infusing your attacks.
* * * LOW HITPOINT WARNING * * *
You feel sick.
* * * LOW HITPOINT WARNING * * *
You feel sick.
* * * LOW HITPOINT WARNING * * *
You feel sick.
You die...

####
..#
####.#
#...@#
#.####


There were no monsters in sight!

Vanquished Creatures
  An adder (D:3)
  An ooze (D:1)
  A worm (D:2)
  A dart slug (D:1)
  A leopard gecko (D:1)
  5 bats
  2 giant cockroaches (D:2)
  3 goblins
  6 hobgoblins
  3 jackals (D:1)
  A kobold (D:1)
  A rat (D:1)
26 creatures vanquished.

Notes
Turn   | Place    | Note
-------+----------+-------------------------------------------
     0 | D:1      | VirginKiller the Demigod Skald began the quest for the Orb.
     0 | D:1      | Reached XP level 1. HP: 17/17 MP: 5/5
    98 | D:1      | Reached XP level 2. HP: 20/24 MP: 2/7
   103 | D:1      | Learned a level 2 spell: Song of Slaying
   596 | D:2      | Reached XP level 3. HP: 29/29 MP: 5/8
   640 | D:2      | Noticed Sigmund
   681 | D:3      | HP: 1/29 [poisoned by an adder]
   684 | D:3      | Succumbed to an adder's poison

Vault maps used:
D:1:      giann_horns, minivault_23, minmay_parallelograms
D:2:      grunt_dithmenos_smoke_and_mirrors, first_bread, uniq_jessica,
          uniq_sigmund

Skill      XL: |  1  2  3 |
---------------+----------+-----
Unarmed Combat | 2 3 |  3.1
Charms         | 3 |  3.2
Fighting       | |  1.7
Armour         | |  0.8
Dodging        | |  1.7
Spellcasting   | |  1.7

Action                   || total
-------------------------++-------
Melee: Unarmed           ||    97
 Cast: Infusion          ||    12
  Use: Potion            ||     1
 Stab: Sleeping          ||     2
Armor: Leather armour    ||    34
Dodge: Dodged            ||    79

Table legend:
 A = Spawn XP
 B = Non-spawn XP
 C = Spawn XP percentage of total XP
 D = Spawn monster count
 E = Non-spawn monster count
 F = Spawn count percentage of total count
 G = Total turns spent on level
                    A         B        C        D         E        F      G
               +---------+---------+-------+---------+---------+-------+---------
         Total |       0 |      70 |   0.0 |       0 |      26 |   0.0 |   684
               +---------+---------+-------+---------+---------+-------+---------
           D:1 |       0 |      43 |   0.0 |       0 |      19 |   0.0 |   531
           D:2 |       0 |      14 |   0.0 |       0 |       6 |   0.0 |   127
           D:3 |       0 |      13 |   0.0 |       0 |       1 |   0.0 |    26
               +---------+---------+-------+---------+---------+-------+---------
